 Dungeon Crawl Stone Soup version 0.28-a0-245-g639a1a48b9 (webtiles) character file.

Game seed: 8389761754731430814

6 rabbitsville the Gusty (level 1, -2/14 HPs)
             Began as a Draconian Air Elementalist on Aug 24, 2021.
             Slain by a quokka (3 damage)
             ... on level 1 of the Dungeon.
             The game lasted 00:03:05 (368 turns).

rabbitsville the Gusty (Draconian Air Elementalist)  Turns: 368, Time: 00:03:05

Health: -2/14      AC:  4    Str: 10    XL:     1   Next: 75%
Magic:  1/3        EV: 12    Int: 15    God:
Gold:   9          SH:  0    Dex: 11    Spells: 3/4 levels left

rFire   . . .      SeeInvis .   (no weapon)
rCold   . . .      Faith    .   (no shield)
rNeg    . . .      Spirit   .   (armour unavailable)
rPois   .          Reflect  .   (helmet restricted)
rElec   .          Harm     .   (no cloak)
rCorr   .          Rampage  .   (no gloves)
Will    .....                   (no boots)
Stlth   ++........              (no amulet)
HPRegen 0.04/turn               (no ring)
MPRegen 0.08/turn               (no ring)

@: weak-willed
A: AC +4, unfitting armour, cold-blooded
a: no special abilities


You were on level 1 of the Dungeon.
You visited 1 branch of the dungeon, and saw 1 of its levels.

You collected 9 gold pieces.

You aren't carrying anything.


   Skills:
 - Level 1.7 Dodging
 - Level 1.7 Stealth
 + Level 2.1 Spellcasting
 * Level 1.3 Conjurations
 * Level 3.1 Air Magic


You had 3 spell levels left.
You knew the following spells:

 Your Spells              Type           Power      Damage    Failure   Level
a - Shock                 Conj/Air       32%        1d5       9%          1

Your spell library contained the following spells:

 Spells                   Type           Power      Damage    Failure   Level
 Static Discharge         Conj/Air       8%         N/A       13%         2
 Swiftness                Air            11%        N/A       19%         3
 Airstrike                Air            5%         N/A       52%         4


Dungeon Overview and Level Annotations

Branches:
Dungeon (1/15)

Altars:


Innate Abilities, Weirdness & Mutations

Your plain brown scales are hard. (AC +4)
You cannot fit into any form of body armour.
You are cold-blooded and may be slowed by cold attacks.


Message History

The quokka barely misses you.
Aiming: Shock (safe; 9% risk of failure)
Press: ? - help, Q - select action Shift-Dir - straight line The zap misses the quokka.
The quokka bites you.
Aiming: Shock (safe; 9% risk of failure)
Press: ? - help, Q - select action Shift-Dir - straight line The zap hits the quokka.
The quokka is lightly wounded.
The quokka bites you.
You closely miss the quokka.
Your tail-slap misses the quokka.
The quokka is lightly wounded.
The quokka bites you but does no damage.
You hit the quokka but do no damage.
The quokka is lightly wounded.
The quokka closely misses you.
You hit the quokka.
The quokka is moderately wounded.
The quokka bites you. x2
You closely miss the quokka.
You tail-slap the quokka, but do no damage.
The quokka is moderately wounded.
The quokka closely misses you.
Your magical contamination has completely faded away.
You hit the quokka but do no damage.
The quokka is moderately wounded.
The quokka bites you.
* * * LOW HITPOINT WARNING * * *
You closely miss the quokka.
The quokka is moderately wounded.
The quokka bites you.
* * * LOW HITPOINT WARNING * * *
The quokka closely misses you.
Okay, then.
You aren't carrying any potions.
As you read the scroll labelled XUOCVE ZILU, it crumbles to dust.
Magic quickly surges around you.
It was a scroll of vulnerability.
The quokka closely misses you. The quokka bites you.
You die...

.# ..# .. ..# ##. #.# ...
..# #.# ####.### #.#
#...... ####.###[##.#
#....@r.....# ..######
#.###.##.#≈≈≈≈≈≈≈≈≈≈≈≈≈≈≈.
#........#≈####≈≈≈≈≈####≈#
#####.####≈#⌠.#######.>#≈.
#.# #≈#..'.....'..#≈# #.#
#≈##'###+###'##≈. #####.##
#≈≈#.#.....#.#≈≈# #......#
#≈≈#.#..#..#.#≈≈#
#.##†..###≈≈#.#..#..#.#≈≈#


You could see a quokka (weak-willed).

Vanquished Creatures
  2 bats (D:1)
  A giant cockroach (D:1)
  A hobgoblin (D:1)
  A ball python (D:1)
  A frilled lizard (D:1)
6 creatures vanquished.

Notes
Turn   | Place    | Note
-------+----------+-------------------------------------------
     0 | D:1      | rabbitsville the Draconian Air Elementalist began the quest
                  | for the Orb.
     0 | D:1      | Reached XP level 1. HP: 14/14 MP: 3/3
   368 | D:1      | Slain by a quokka

Illustrated notes

Levels and vault maps discovered:
D:1:      heliophobic_arrival_glass_houses, layout_loops_corners

Action                   || total
-------------------------++-------
Melee: Unarmed           ||     6
       Tailslap          ||     1
 Cast: Shock             ||    12
  Use: Scroll            ||     1
Armor: Skin              ||     2
Dodge: Dodged            ||     5

Table legend: (Time is in decaauts)
 A = Elapsed time spent in this place.
 B = Non-inter-level travel time spent in this place.
 C = Inter-level travel time spent in this place.
 D = Time resting spent in this place.
 E = Time spent auto-exploring this place.
 F = Levels seen in this place.
 G = Mean time per level.
                   A        B        C        D        E       F      G
               +--------+--------+--------+--------+--------+-----+--------+
         Total |    368 |    362 |      6 |    110 |     49 |   1 |  368.0 |
       Dungeon |    368 |    362 |      6 |    110 |     49 |   1 |  368.0 |
               +--------+--------+--------+--------+--------+-----+--------+

Top non-repeatable levels by time:
     D:1: 368 daAuts
